Map: Orbital Shipyard

Players

Miszu

  • Race: Terran Terran
  • League: Master

Smile - Winner!

  • Race: Terran Terran
  • League: Master

VOD

Have the link to the VOD?

Description

Time

  • Played on: March 18, 2016, 3:52 p.m.
  • Length: 10:05
Show
View Real Time Build Order
Export as new Build Order

Miszu Terran 

Build Orders: 1/1/1, MMM Bio, Banshee Rush 

Get SALT Encoding   

  12  0:00  SCV  
  13  0:12  SCV  
  14  0:20  Supply Depot  
  14  0:24  SCV  
  15  0:42  SCV  
  16  0:44  Barracks  
  16  0:46  Refinery  
  16  0:54  SCV  
  16  0:56  Refinery  
  17  1:06  SCV  
  18  1:18  SCV  
  19  1:32  Orbital Command  
  19  1:34  Factory  
  19  1:35  Marine  
  20  1:44  Supply Depot  
  20  1:53  Marine  
  21  1:58  SCV  
  22  2:10  Marine, SCV  
  24  2:18  Supply Depot  
  24  2:20  Starport, Factory Tech Lab  
  24  2:27  SCV  
  24  2:28  Marine  
  26  2:39  SCV  
  27  2:46  Marine  
  27  2:50  Factory Reactor  
  28  2:54  SCV  
  28  2:58  Hellion  
  31  3:04  Marine  
  31  3:06  Cloaking Field, SCV, Banshee  
  35  3:18  SCV  
  37  3:20  Hellion  
  37  3:26  Marine  
  37  3:29  Supply Depot  
  37  3:30  SCV  
  38  3:51  Hellion, Banshee  
  38  3:55  SCV  
  44  4:03  Command Center  
  44  4:04  Supply Depot  
  44  4:09  Barracks Reactor, SCV  
  45  4:23  SCV  
  46  4:26  Factory Tech Lab  
  46  4:35  SCV, Banshee  
  50  4:58  SCV  
  51  5:00  Command Center  
  51  5:10  Marine x2, SCV  
  54  5:15  Barracks  
  54  5:19  Barracks  
  54  5:20  Orbital Command  
  51  5:22  SCV  
  51  5:26  Siege Tank  
  55  5:32  Marine  
  55  5:34  SCV  
  54  5:39  Starport Reactor  
  54  5:42  Marine  
  55  5:46  SCV  
  55  5:48  SCV  
  57  5:53  Engineering Bay  
  57  5:54  Engineering Bay  
  57  5:58  SCV  
  57  6:00  SCV  
  59  6:05  Marine x2  
  59  6:06  Barracks Tech Lab  
  59  6:11  SCV  
  62  6:12  SCV  
  62  6:14  Orbital Command  
  62  6:17  Refinery  
  62  6:18  Refinery  
  63  6:23  Marine, SCV  
  63  6:24  SCV, Stimpack  
  67  6:26  Combat Shields  
  67  6:31  Terran Infantry Weapons Level 1, Terran Infantry Armor Level 1  
  66  6:35  SCV  
  66  6:36  SCV  
  66  6:39  Marine x3  
  68  6:47  SCV  
  68  6:48  Orbital Command  
  68  6:54  Marine  
  68  6:55  Medivac x2, Siege Tank  
  68  6:56  Marine  
  76  7:04  SCV  
  76  7:06  SCV  
  77  7:10  Marine x2  
  78  7:16  SCV  
  78  7:18  SCV  
  78  7:21  SCV  
  78  7:24  Marine  
  78  7:28  SCV  
  80  7:30  Barracks, SCV  
  80  7:31  Barracks  
  80  7:33  SCV  
  82  7:38  Supply Depot  
  82  7:40  SCV  
  82  7:42  SCV  
  84  7:44  Marine  
  84  7:49  Supply Depot  
  85  7:51  Marine x3  
  85  7:52  Supply Depot, SCV x2  
  85  7:53  Siege Tank  
  93  8:00  Medivac x2, SCV  
  93  8:02  Marine  
  93  8:04  SCV x2  
  101  8:08  Refinery  
  101  8:11  Marine x2, Marauder  
  101  8:12  SCV  
  106  8:16  SCV x2  
  106  8:19  Barracks Reactor x2  
  108  8:20  Marine  
  108  8:24  SCV  
  108  8:25  Armory  
  109  8:28  Marine x2, SCV x2  
  109  8:32  Refinery, Marine  
  110  8:38  Marine  
  110  8:40  SCV  
  110  8:41  SCV  
  95  8:55  Marine, Command Center  
  95  8:56  Medivac, Siege Tank  
  95  8:57  Marine  
  102  9:22  Marine x2  
  102  9:23  Marine  
  102  9:24  Marine x2  
  102  9:25  Marine  
  102  9:36  Marine  
  102  9:37  Marine  
  101  9:44  Marine x3  
  101  9:45  Marine x2  
Show
View Real Time Build Order
Export as new Build Order

Smile Terran - Winner!

Build Orders: MMM Bio 

Get SALT Encoding   

  12  0:01  SCV  
  13  0:13  SCV  
  14  0:23  Supply Depot  
  14  0:25  SCV  
  15  0:44  SCV  
  15  0:45  Barracks  
  16  0:50  Refinery  
  16  0:55  Barracks  
  16  0:59  SCV  
  17  1:11  SCV  
  19  1:33  Reaper  
  19  1:34  Orbital Command  
  19  1:38  Supply Depot  
  19  1:40  Refinery  
  19  1:51  Reaper  
  21  2:01  SCV  
  21  2:07  Reaper  
  22  2:13  SCV  
  23  2:15  Supply Depot  
  23  2:23  Reaper  
  23  2:25  SCV  
  25  2:37  SCV  
  25  2:39  Reaper  
  25  2:43  Command Center  
  27  2:49  SCV  
  28  2:55  Reaper  
  29  3:02  SCV  
  29  3:03  Factory  
  30  3:14  SCV  
  31  3:26  SCV  
  31  3:27  Barracks Tech Lab  
  31  3:28  Barracks Reactor  
  31  3:38  SCV  
  32  3:46  Marine  
  32  3:48  Starport  
  33  3:49  Factory Reactor  
  33  3:50  SCV  
  33  3:54  Engineering Bay  
  34  4:00  Orbital Command  
  34  4:02  SCV  
  35  4:03  Stimpack  
  35  4:05  Refinery  
  35  4:08  Marine x2  
  37  4:10  Marine  
  37  4:14  SCV  
  39  4:26  SCV  
  40  4:34  Marine x2  
  40  4:35  Missile Turret  
  40  4:36  Viking  
  41  4:38  SCV  
  41  4:39  Marine, SCV  
  43  4:50  SCV  
  43  4:52  Marine x2  
  43  4:53  SCV  
  43  4:54  Missile Turret  
  43  5:01  Marine  
  43  5:05  SCV  
  43  5:11  SCV  
  44  5:20  SCV  
  44  5:23  Medivac, SCV  
  47  5:32  SCV  
  47  5:33  Marine x2  
  47  5:35  SCV, Factory Tech Lab  
  50  5:41  Marine  
  51  5:44  SCV  
  51  5:48  SCV  
  53  5:53  Supply Depot  
  53  6:02  SCV  
  53  6:03  Combat Shields  
  52  6:04  SCV  
  53  6:14  Supply Depot, SCV  
  53  6:15  Medivac x2  
  58  6:20  SCV  
  58  6:24  Marine x2  
  59  6:26  SCV  
  61  6:32  SCV  
  61  6:38  Marine, SCV  
  63  6:41  Marine  
  63  6:45  SCV  
  65  6:50  SCV  
  64  6:55  Medivac  
  64  6:56  Marine x2, Medivac  
  64  6:59  Marine  
  66  7:08  Siege Tank  
  66  7:09  SCV  
  66  7:14  Marine  
  70  7:16  Marine  
  70  7:17  SCV  
  70  7:22  Marine  
  66  7:32  Marine, Barracks  
  66  7:33  Barracks  
  66  7:34  Marine, Barracks  
  66  7:36  SCV  
  68  7:40  Marine  
  68  7:43  SCV  
  69  7:48  SCV  
  69  7:50  Marine  
  71  7:51  Marine  
  71  7:54  Siege Tank  
  71  7:55  SCV  
  71  7:58  Marine  
  77  8:02  Supply Depot  
  77  8:04  SCV  
  77  8:05  Refinery  
  78  8:17  Supply Depot  
  78  8:23  Marine x6, Medivac  
  86  8:27  Supply Depot  
  86  8:39  Medivac, Siege Tank  
  91  8:41  Marine x3  
  91  8:45  Marine x2  
  94  8:48  Marine  
  94  8:50  Supply Depot  
  95  8:59  Marine x2  
  95  9:02  Command Center  
  98  9:06  Barracks Reactor x2, Marine  
  98  9:07  Barracks Reactor  
  98  9:08  SCV  
  98  9:09  Engineering Bay  
  99  9:17  Marine x2  
  99  9:23  SCV  
  102  9:28  Marine  
  102  9:29  Siege Tank  
  106  9:35  Marine  
  107  9:42  Marine x2  
Tags
 
Composition
MMM BioMMM Bio
Matchup
TvT
Opening
1/1/1
Player
Smile
Race
Terran
Strategy
Banshee Rush
Add a new tag
Caveats
  • Supply blocks, unpowered buildings, or Contaminate may cause inaccurate times.
  • Supply counts are checked every 10 seconds.